 Dungeon Crawl Stone Soup version 0.31.0-32-g396128a36d (webtiles) character file.

Game seed: 2826394509618654514

122 MollyMolluskus the Ducker (level 5, -3/36 HPs)
             Began as an Octopode Fighter on Apr 4, 2024.
             Hit by a stone thrown by an orc warrior (4 damage)
             ... on level 4 of the Dungeon.
             The game lasted 00:06:32 (3073 turns).

MollyMolluskus the Ducker (Octopode Fighter)        Turns: 3073, Time: 00:06:32

Health: -3/36      AC: -11   Str: 17    XL:     5   Next: 6%
Magic:  0/5        EV: 13    Int: 11    God:
Gold:   204        SH:  5    Dex: 11    Spells: 4/4 levels left

rFire   . .          .
                       - Unarmed
rCold   . . .        a - +1 buckler
rNeg    . . .        (helmet restricted)
rPois   .            k - amulet of guardian spirit
rElec   .            (no ring)
rCorr   .            (no ring)
SInv    .            (no ring)
Will    .....        (no ring)
Stlth   +++          (no ring)
HPRegen 0.26/turn    (no ring)
MPRegen 0.09/turn    (no ring)
                     (no ring)

%: guardian spirit
@: mighty, corroded
A: almost no armour, amphibious, 8 rings, camouflage 1, gelatinous body 1,
(nimble swimmer 1), tentacles
a: no special abilities


You were on level 4 of the Dungeon.
You visited 1 branch of the dungeon, and saw 4 of its levels.

You collected 204 gold pieces.

Inventory:

Missiles
 e - 17 stones (quivered)
 j - 4 poisoned darts
Armour
 a - a +1 buckler (worn)
Jewellery
 k - an amulet of guardian spirit (around mantle)
Potions
 b - a potion of might
 c - 2 potions of haste
 d - a potion of cancellation
 f - a potion of enlightenment
 g - 3 potions of lignification
 h - 2 potions of heal wounds


   Skills:
 + Level 3.5 Fighting
 + Level 3.6 Dodging
 + Level 2.4 Stealth
 + Level 3.4 Shields
 * Level 3.3 Unarmed Combat


You had 4 spell levels left.
You didn't know any spells.
Your spell library contained the following spells:

 Spells                   Type           Power      Damage    Failure   Level
 Animate Dead             Necr           0%         N/A       99%         4
 Haunt                    Necr/Summ      0%         N/A       100%        7
 Infestation              Necr           0%         N/A       100%        8


Dungeon Overview and Level Annotations

Branches:
Dungeon (4/15)
 Temple: D:4-7

Altars:
Xom


Innate Abilities, Weirdness & Mutations

You cannot wear most types of armour.
You are amphibious.
You can wear up to eight rings at the same time.
Your skin changes colour to match your surroundings (Stealth+).
Your rubbery body absorbs attacks. (AC +1, EV +1)
((You are camouflaged when in or above water. (Stealth+)))
You have tentacles for arms and can constrict up to eight enemies at once.


Message History

A jelly comes into view.
You block the orc's attack.
An iguana comes into view.
The jelly quivers.
The iguana hisses angrily.
You tentacle-slap the orc. Your grab misses the orc. You squeeze the orc.
You kill the orc!
You feel very mighty all of a sudden.
You bludgeon the jelly! The acid corrodes you!
Your tentacles burn!
The jelly is moderately wounded.
A ball python comes into view.
The jelly hits you. The acid corrodes you!
You are splashed with acid!
The ball python hisses angrily.
You tentacle-slap the jelly. The acid corrodes you!
Your tentacles burn!
The jelly is severely wounded.
The jelly hits you.
You are splashed with acid!
You tentacle-slap the jelly but do no damage.
Your tentacles burn!
You squeeze the jelly, but do no damage.
The jelly is severely wounded.
You block the jelly's attack.
Unknown command.
You tentacle-slap the jelly but do no damage.
Your tentacles burn!
* * * LOW HITPOINT WARNING * * *
The jelly is severely wounded.
You block the jelly's attack.
Unknown command.
You tentacle-slap the ball python. You grab the ball python.
The ball python is severely wounded.
You constrict the ball python.
You kill the ball python!
The jelly hits you.
* * * LOW HITPOINT WARNING * * *
The acid corrodes you!
You are splashed with acid!
* * * LOW HITPOINT WARNING * * *
You bludgeon the jelly!
You kill the jelly!
The orc warrior throws a stone.
The stone hits you.
You die...

##.#####...
####
#.........#
###[...###)..
#.....##..
#...##...#.#
#.#....#.#.#
# #.####...#
.. ##..# #.
#@## # #)#
#o# # .l. #.
... . .....
.>... .......


You could see an orc warrior and an iguana.

Vanquished Creatures
  A jelly (D:4)
  A hound (D:4)
  3 adders
  A ribbon worm (D:4)
  A dart slug (D:3)
  3 orcs (D:4)
  8 ball pythons
  2 endoplasms
  2 giant cockroaches
  4 goblins (D:1)
  3 hobgoblins
  4 jackals (D:1)
  6 kobolds
  6 quokkas
  3 bats
  A frilled lizard (D:2)
  8 rats
57 creatures vanquished.

Notes
Turn   | Place    | Note
-------+----------+-------------------------------------------
     0 | D:1      | MollyMolluskus the Octopode Fighter began the quest for the
                  | Orb.
     0 | D:1      | Reached XP level 1. HP: 16/16 MP: 1/1
   150 | D:1      | Reached XP level 2. HP: 19/21 MP: 2/2
   243 | D:1      | Reached skill level 1 in Stealth
   531 | D:1      | Reached XP level 3. HP: 26/26 MP: 3/3
  2188 | D:3      | Found a faded altar of an unknown god.
  2398 | D:3      | Found a shimmering altar of Xom.
  2403 | D:3      | Reached XP level 4. HP: 30/31 MP: 4/4
  3009 | D:4      | Noticed an orc warrior
  3020 | D:4      | Reached XP level 5. HP: 36/36 MP: 5/5
  3072 | D:4      | HP: 1/36 [acid (8)]
  3073 | D:4      | Hit by a stone thrown by an orc warrior

Illustrated notes

Levels and vault maps discovered:
D:1:      sevenhm_arrival_forest_fort_small_5, layout_loops_corners,
          serial_forest, infiniplex_forest_lined_3,
          infiniplex_forest_clump_diagonal, infiniplex_forest_clump_tiny,
          infiniplex_forest_lined_room_2, infiniplex_forest_straight_1,
          infiniplex_forest_clump_long, infiniplex_forest_clump_small,
          infiniplex_forest_lined_3
D:2:      layout_basic
D:3:      layout_loops_ring, xom_butterflies, chequers_ecumenical_altar_simple,
          nicolae_the_louvre
D:4:      layout_rooms, temple_hall

Skill      XL: |  1  2  3  4 |
---------------+-------------+-----
Stealth        | 1 2 |  2.4
Unarmed Combat | 3 |  3.3
Fighting       | |  3.5
Dodging        | |  3.6
Shields        | |  3.4

Action                     |  1- 3 |  4- 6 || total
---------------------------+-------+-------++-------
  Melee: Unarmed           |    76 |    42 ||   118
         Constrict         |    23 |     8 ||    31
         Tentacles         |     9 |     8 ||    17
         Punch             |     1 |     3 ||     4
  Throw: Stone             |     1 |     5 ||     6
    Use: Scroll            |     8 |     3 ||    11
         Potion            |       |     1 ||     1
   Stab: Sleeping          |    13 |     4 ||    17
 Armour: Skin              |    14 |    11 ||    25
  Dodge: Dodged            |    32 |    14 ||    46
  Block: Buckler           |     6 |     5 ||    11
